 Dungeon Crawl Stone Soup version 0.20-a0-268-gb6bde61 (webtiles) character file.

4374 junb69 the Archer (level 10, -1/88 HPs)
             Began as a Centaur Arcane Marksman on Dec 7, 2016.
             Was a Priest of Okawaru.
             Succumbed to a hornet's poison
             ... while paralysed by a hornet
             ... on level 8 of the Dungeon.
             The game lasted 00:28:20 (11763 turns).

junb69 the Archer (Centaur Arcane Marksman)        Turns: 11763, Time: 00:28:21

Health: -1/88      AC:  6    Str: 15    XL:     10   Next: 13%
Magic:  11/11      EV:  1    Int: 12    God:    Okawaru [***...]
Gold:   454        SH:  0    Dex: 16    Spells: 10/11 levels left

rFire  . . .     SeeInvis .     C - +5 long sword "Veppilar" {venom, Dex+5}
rCold  . . .     Gourm    .     i - +1 leather armour
rNeg   . . .     Faith    .     (no shield)
rPois  .         Spirit   .     (no helmet)
rElec  .         Reflect  .     (no cloak)
rCorr  .         Harm     .     (no gloves)
MR     .....                    (no barding)
Stlth  +.........               (no amulet)
                                (no ring)
                                (no ring)

@: paralysed, lethally poisoned (-1 -> -39), about to teleport, slowed, drained,
very quick
A: hooves 3, deformed body, speed 2, tough skin 3
a: Heroism, Renounce Religion


You were on level 8 of the Dungeon.
You worshipped Okawaru.
Okawaru was most pleased with you.
You were not hungry.

You visited 2 branches of the dungeon, and saw 9 of its levels.

You collected 454 gold pieces.

Inventory:

Hand Weapons
 a - a +5 shortbow
 C - the +5 long sword "Veppilar" (weapon) {venom, Dex+5}
   (You found it on level 6 of the Dungeon)

   It poisons the flesh of those it strikes.
   It affects your dexterity (+5).
Missiles
 d - 117 arrows
Armour
 i - a +1 leather armour (worn)
Wands
 p - a wand of random effects (6/48)
 s - a wand of random effects (27/48)
 w - a wand of acid (5/15)
 y - a wand of enslavement (9/24)
Scrolls
 h - a scroll of enchant armour
 o - a scroll of teleportation
 u - 3 scrolls of remove curse
 A - 2 scrolls of amnesia
 D - 3 scrolls of identify
 E - a scroll of fear
Potions
 b - a potion of beneficial mutation {unknown}
 e - 3 potions of flight {unknown}
 g - a potion of resistance
 k - a potion of berserk rage {unknown}
 m - 2 potions of haste {unknown}
 n - a potion of invisibility {unknown}
 q - a potion of curing {unknown}
 r - a potion of might {unknown}
 x - 2 potions of brilliance {unknown}
 B - a potion of heal wounds
 F - a potion of lignification {unknown}
 H - a potion of ambrosia
Books
 c - a book of Debilitation

   Spells                             Type                      Level
   a - Corona                         Hexes                        1
   b - Slow                           Hexes                        2
   c - Gell's Gravitas                Hexes/Translocation          3
   d - Inner Flame                    Hexes/Fire                   3
   e - Cause Fear                     Hexes                        4
   f - Leda's Liquefaction            Hexes/Earth                  4
 l - a book of Cantrips

   Spells                             Type                      Level
   a - Confusing Touch                Hexes                        1
   b - Animate Skeleton               Necromancy                   1
   c - Summon Small Mammal            Summoning                    1
   d - Apportation                    Translocation                1
 t - a book of Misfortune

   Spells                             Type                      Level
   a - Confusing Touch                Hexes                        1
   b - Confuse                        Hexes                        3
   c - Gell's Gravitas                Hexes/Translocation          3
   d - Petrify                        Transmutation/Earth          4
   e - Metabolic Englaciation         Hexes/Ice                    5
   f - Yara's Violent Unravelling     Hexes/Transmutation          5
 I - a book of Callings

   Spells                             Type                      Level
   a - Summon Small Mammal            Summoning                    1
   b - Call Imp                       Summoning                    2
   c - Call Canine Familiar           Summoning                    3
   d - Summon Guardian Golem          Hexes/Summoning              3
   e - Summon Lightning Spire         Summoning/Air                4
   f - Summon Ice Beast               Ice/Summoning                4
 K - a book of Transfigurations

   Spells                             Type                      Level
   a - Irradiate                      Conjuration/Transmutation    5
   b - Statue Form                    Transmutation/Earth          6
   c - Hydra Form                     Transmutation                6
   d - Dragon Form                    Transmutation                7
Comestibles
 f - 6 bread rations
 j - 2 meat rations
 v - a slice of pizza
 z - 3 beef jerkies
 G - a royal jelly
 J - 8 chunks of flesh


   Skills:
 * Level 8.2(7.1) Fighting
   Level 6.4(5.4) Maces & Flails
 * Level 13.1(12.0) Bows
 - Level 4.8(3.9) Armour
 * Level 5.6(4.7) Dodging
 - Level 1.0(0.1) Spellcasting
 - Level 2.6(1.8) Hexes


You had 10 spell levels left.
You knew the following spells:

 Your Spells              Type           Power        Failure   Level  Hunger
a - Corona                Hex            #......      21%         1    ##.....


Dungeon Overview and Level Annotations

Branches:
Dungeon (8/15)             Temple (1/1) D:4
   Lair: D:8-11

Altars:
Ashenzari
Cheibriados
Dithmenos
Elyvilon
Fedhas
Gozag
Hepliaklqana
Kikubaaqudgha
Makhleb
Nemelex Xobeh
Okawaru
Qazlal
Ru
Sif Muna
Trog
Uskayaw
Vehumet
Xom
Yredelemnul
Zin
The Shining One
Beogh


Innate Abilities, Weirdness & Mutations

You have hooves in place of feet.
Armour fits poorly on your strangely shaped body.
You cover ground very quickly.
You have extremely tough skin. (AC +3)


Message History

The hornet misses you. The hornet stings you.
* * * LOW HITPOINT WARNING * * *
You feel as though you will be slow longer.
The hornet stings you.
* * * LOW HITPOINT WARNING * * *
You feel as though you will be slow longer.
You feel much better.
You feel very sick. The hornet stings you!
* * * LOW HITPOINT WARNING * * *
You feel as though you will be slow longer.
The hornet stings you!
* * * LOW HITPOINT WARNING * * *
You suddenly lose the ability to move!
The hornet stings you!
* * * LOW HITPOINT WARNING * * *
You shrug off the repeated paralysis!
The hornet stings you.
* * * LOW HITPOINT WARNING * * *
You are more poisoned.
You feel as though you will be slow longer.
You die...

#......## #.........
#.......## #.........
#........## #.<.......
#.........## ##........ ###
#..........## #........
..###......)....# #........
..##...........####
###......
..##...........##y# #######
..##............@#.#
...#...........##y#a# #
...............# #.#.#
########
....#..........#######
#....[#.
...###............#
#......# ...#
##..........## ##.....#
...# #........#####
##.....# ..##
###..........#######......#
###
#..#.######........###...#


You could see 2 hornets.

Vanquished Creatures
  Prince Ribbit (D:8)
  A hippogriff (D:8)
  Sigmund (D:2)
  Menkaure (D:4)
  3 ice beasts
  A sky beast (D:5)
  3 phantoms
  4 orc warriors
  2 centaurs (D:6)
  4 bullfrogs
  A wyvern skeleton (D:8)
  A water moccasin zombie (D:5)
  A scorpion (D:7)
  7 wights (D:6)
  2 howler monkeys
  A crimson imp (D:3)
  A centaur zombie (D:7)
  4 hounds (D:7)
  2 bullfrog skeletons (D:4)
  3 orc priests
  A jelly (D:6)
  8 orc wizards
  Natasha (D:2)
  3 iguanas
  12 worker ants
  A hound skeleton (D:3)
  A worker ant zombie (D:5)
  15 adders
  3 shadow imps
  3 oozes
  An adder skeleton (D:5)
  4 worms
  3 dart slugs (D:1)
  3 leopard geckos
  60 orcs
  2 bats
  3 giant cockroaches
  11 goblins
  8 hobgoblins
  9 jackals
  3 quokkas
  8 frilled lizards
  9 kobolds
  11 rats
227 creatures vanquished.

Notes
Turn   | Place    | Note
-------+----------+-------------------------------------------
     0 | D:1      | junb69 the Centaur Arcane Marksman began the quest for the Orb.
     0 | D:1      | Reached XP level 1. HP: 16/16 MP: 2/2
     9 | D:1      | Reached skill level 3 in Bows
   421 | D:1      | Reached XP level 2. HP: 16/23 MP: 3/3
   457 | D:1      | Reached skill level 4 in Bows
  1680 | D:1      | Reached XP level 3. HP: 27/28 MP: 4/4
  1818 | D:2      | Noticed Natasha
  1951 | D:2      | Reached skill level 1 in Maces & Flails
  2302 | D:2      | Noticed Sigmund
  2878 | D:2      | Reached skill level 5 in Bows
  2884 | D:2      | Reached XP level 4. HP: 27/35 MP: 5/5
  3223 | D:3      | Found a shattered altar of Ashenzari.
  3460 | D:3      | Found a faded altar of an unknown god.
  3500 | D:3      | Reached skill level 6 in Bows
  4177 | D:3      | Reached XP level 5. HP: 25/40 MP: 6/6
  4329 | D:3      | Found a hazy altar of Hepliaklqana.
  4344 | D:3      | Found a sparkling altar of Nemelex Xobeh.
  4371 | D:3      | Reached skill level 11 in Bows
  4371 | D:3      | Reached XP level 6. HP: 31/60 MP: 7/7
  4499 | D:3      | Reached skill level 5 in Dodging
  4499 | D:3      | Reached XP level 7. HP: 66/66 MP: 8/8
  4968 | D:4      | Found a staircase to the Ecumenical Temple.
  5059 | Temple   | Entered the Ecumenical Temple
  5512 | D:4      | Noticed Menkaure
  5638 | D:4      | Killed Menkaure
  5925 | D:4      | Reached XP level 8. HP: 64/73 MP: 9/9
  5939 | D:4      | Found an iron altar of Okawaru.
  5952 | D:4      | Became a worshipper of Warmaster Okawaru
  6039 | D:5      | Entered Level 5 of the Dungeon
  6134 | D:5      | Got a scorched spear
  6136 | D:5      | Identified the +4 spear of the Hand {speed, rPois Str+4} (You found it on level 5 of the Dungeon)
  6221 | D:5      | Found a white marble altar of Elyvilon.
  6679 | D:2      | Killed Sigmund
  6895 | D:2      | Killed Natasha
  7285 | D:6      | Reached * piety under Okawaru
  7616 | D:6      | Got an ancient long sword
  7618 | D:6      | Identified the +5 long sword "Veppilar" {venom, Dex+5} (You found it on level 6 of the Dungeon)
  7674 | D:6      | Found a runed door.
  7742 | D:6      | Reached XP level 9. HP: 68/79 MP: 10/10
  7755 | D:6      | Reached skill level 12 in Bows
  8136 | D:6      | Found a burning altar of Makhleb.
  8615 | D:6      | Reached ** piety under Okawaru
  9286 | D:6      | Found a roughly hewn altar of Beogh.
 10315 | D:7      | Reached *** piety under Okawaru
 10812 | D:8      | Reached XP level 10. HP: 62/88 MP: 11/11
 10949 | D:8      | Noticed Prince Ribbit
 10964 | D:8      | Killed Prince Ribbit
 10964 | D:8      | Received a gift from Okawaru
 10964 | D:8      | Reached skill level 13 in Bows
 11662 | D:8      | Found an ancient bone altar of Kikubaaqudgha.
 11664 | D:8      | Found a blossoming altar of Fedhas.
 11756 | D:8      | Paralysed by a hornet for 3 turns
 11762 | D:8      | Paralysed by a hornet for 3 turns
 11762 | D:8      | HP: 4/88 [hornet (14)]
 11762 | D:8      | HP: 1/88 [hornet (3)]
 11763 | D:8      | Succumbed to a hornet's poison

Vault maps used:
D:1:      dpeg_arrival_ratfight
D:2:      first_bread, minmay_pentomino_p2, uniq_sigmund, uniq_natasha
D:3:      lemuel_doored_altar, overflow_temple_1_default, marbit_many_paths,
          chequers_ecumenical_altar_simple, minmay_item_behind_shaft
D:4:      kennysheep_okawaru_gauntlet, uniq_menkaure
D:5:      elyvilon_altar_1
D:6:      kennysheep_little_box, lightli_church_of_beogh
D:8:      grunt_temple_overflow_growth_and_decay, hangedman_pestilent_swarm,
          uniq_prince_ribbit1
Temple:   eino_temple_lava

Skill      XL: |  1  2  3  4  5  6  7  8  9 10 |
---------------+-------------------------------+-----
Bows           | 3 4 5 6 11 12 13 | 13.1
Maces & Flails | 1 6 |  6.4
Fighting       | 7 8 |  8.2
Armour         | 4 |  4.8
Dodging        | 5 |  5.6
Spellcasting   | |  1.0
Hexes          | |  2.6

Action                   |  1- 3 |  4- 6 |  7- 9 | 10-12 || total
-------------------------+-------+-------+-------+-------++-------
Melee: Whip              |   168 |   165 |   241 |       ||   574
       Unarmed           |    13 |       |       |       ||    13
       Kick              |    23 |    31 |   168 |     6 ||   228
       Spear             |       |       |   106 |       ||   106
       Long sword        |       |       |   204 |     8 ||   212
 Fire: Shortbow          |       |       |    76 |    29 ||   105
Invok: Heroism           |       |       |     1 |       ||     1
Evoke: Wand              |       |       |       |     2 ||     2
  Use: Scroll            |     6 |     1 |     9 |     1 ||    17
       Potion            |     1 |     4 |     2 |     2 ||     9
  Eat: Chunk             |     3 |     2 |    18 |     2 ||    25
       Bread ration      |     1 |       |       |       ||     1
Armor: Robe              |    22 |       |       |       ||    22
       Leather armour    |    41 |    41 |   137 |     3 ||   222
       Skin              |     3 |       |       |       ||     3
Dodge: Dodged            |    71 |    77 |   277 |    10 ||   435
       Rpst.: Long sword |       |       |    54 |     4 ||    58
